 Dungeon Crawl Stone Soup version 0.30-a0-571-gdf30a72648 (webtiles) character file.

Game seed: 11065453977765727733

211 wormed the Shooter (level 5, 0/27 HPs)
             Began as a Spriggan Hunter on Dec 29, 2022.
             Slain by an adder (1 damage)
             ... in a sewer.
             The game lasted 00:02:51 (2333 turns).

wormed the Shooter (Spriggan Hunter)                Turns: 2333, Time: 00:02:52

Health: 0/27       AC:  2    Str:  7    XL:     5   Next: 57%
Magic:  6/6        EV: 16    Int: 11    God:
Gold:   201        SH:  0    Dex: 18    Spells: 4/4 levels left

rFire   . . .      SeeInvis +    a - +0 shortbow
rCold   . . .      Faith    .    (shield currently unavailable)
rNeg    . . .      Spirit   .    c - +0 robe
rPois   .          Reflect  .    (helmet restricted)
rElec   .          Harm     .    (no cloak)
rCorr   .          Rampage  .    (gloves unavailable)
Will    .....                    (boots unavailable)
Stlth   ++                       (no amulet)
HPRegen 0.24/turn                (no ring)
MPRegen 0.10/turn                (no ring)

@: constricted, slow
A: very small, no large weapons, unfitting armour, see invisible, speed 3,
clumsy 1
a: no special abilities


You were in a sewer.
You visited 1 branch of the dungeon, and saw 3 of its levels.
You also visited: Sewer.

You collected 201 gold pieces.

Inventory:

Hand Weapons
 a - a +0 shortbow (weapon)
Armour
 c - a +0 robe (worn)
Scrolls
 b - a scroll of immolation
 d - a scroll of brand weapon {unknown}
 e - a scroll of amnesia {unknown}
 f - a scroll of teleportation {unknown}
 g - 2 scrolls of identify {unknown}
 h - a scroll of magic mapping {unknown}
 j - 2 scrolls of fear {unknown}
 l - 2 scrolls of enchant armour {unknown}
 n - a scroll of silence {unknown}
 q - a scroll of blinking {unknown}
 r - a scroll of acquirement {unknown}
Potions
 i - 2 potions of mutation
 k - a potion of cancellation {unknown}
 m - a potion of heal wounds {unknown}
 o - 2 potions of magic
 p - a potion of berserk rage {unknown}
 s - a potion of invisibility {unknown}
 t - a potion of curing {unknown}


   Skills:
 + Level 2.4 Fighting
 * Level 5.3 Ranged Weapons
 + Level 4.3 Dodging
 + Level 4.1 Stealth


You had 4 spell levels left.
You didn't know any spells.
Your spell library contained the following spells:

 Spells                   Type           Power      Damage    Failure   Level
 Ozocubu's Armour         Ice            0%         N/A       71%         3
 Metabolic Englaciation   Hex/Ice        0%         N/A       100%        5
 Simulacrum               Ice/Necr       0%         N/A       100%        6


Dungeon Overview and Level Annotations

Branches:
Dungeon (3/15)              Sewer (1/1)

Altars:


Innate Abilities, Weirdness & Mutations

You are very small and have problems with some larger weapons.
You are too small for most types of armour.
You have supernaturally acute eyesight. (SInv)
You cover ground extremely quickly. (Speed+++)
You are clumsy. (Dex -2)


Message History

The ball python misses you. The ball python grabs you.
The ball python constricts you. The bullfrog closely misses you.
The adder bites you. The ball python barely misses you.
The frilled lizard hisses.
The ball python barely misses you. The ball python constricts you.
The bullfrog hits you.
You shoot an arrow. The arrow hits the ball python.
You kill the ball python!
You feel sick. The ball python closely misses you. The ball python misses you.
The adder barely misses you. The ball python closely misses you. x3
The ball python grabs you. The ball python constricts you.
The bullfrog hits you!
* * * LOW HITPOINT WARNING * * *
You are too injured to fight recklessly!
Why would you want to do that?
Unknown command.
You escape the ball python's grasp.
You feel sick. The ball python misses you. The ball python closely misses you.
The bullfrog hits you.
* * * LOW HITPOINT WARNING * * *
The bullfrog misses you. The adder misses you.
The ball python barely misses you. x2; The bullfrog closely misses you.
You enter the shallow water.
Moving in this stuff is going to be slow.
You feel sick.
You are no longer poisoned.
The bullfrog attacks as you move away! The bullfrog barely misses you. x2
The adder misses you. The ball python bites you.
* * * LOW HITPOINT WARNING * * *
The ball python misses you.
It was a potion of magic.
Magic courses through your body. The bullfrog closely misses you.
The adder barely misses you. The bullfrog closely misses you.
The ball python bites you.
* * * LOW HITPOINT WARNING * * *
The ball python completely misses you.
It was a potion of mutation.
You feel extremely strange.
You feel clumsy. The adder barely misses you. The bullfrog misses you.
The ball python completely misses you. The ball python grabs you.
The ball python constricts you. The adder bites you.
You die...

#....#..# ##...####
#.†..###################
#......≈≈≈≈≈≈≈≈≈≈≈≈≈~~..
##.....≈~~≈~≈≈≈≈≈~≈~≈≈..
#.....~~~~≈~~≈≈≈~~~~#..
#.....~~≈~~~#~≈≈~~~~~..
##....~≈≈~≈#SSS~#≈~≈~
###..~≈≈≈≈≈@FFl~≈≈≈≈..
####################


You could see 2 bullfrogs, an adder, 2 ball pythons and a frilled lizard.

Vanquished Creatures
  An iguana (D:3)
  A river rat (Sewer)
  9 adders
  2 worms (D:3)
  A dart slug (D:2)
  4 bats
  4 endoplasms
  A giant cockroach (D:3)
  4 goblins
  5 hobgoblins
  3 jackals (D:1)
  8 kobolds
  2 quokkas
  14 ball pythons
  9 frilled lizards
  32 rats
100 creatures vanquished.

Notes
Turn   | Place    | Note
-------+----------+-------------------------------------------
     0 | D:1      | wormed the Spriggan Hunter began the quest for the Orb.
     0 | D:1      | Reached XP level 1. HP: 10/10 MP: 2/2
    93 | D:1      | Found a faded altar of an unknown god.
   110 | D:1      | Reached XP level 2. HP: 14/15 MP: 3/3
   791 | D:2      | Reached XP level 3. HP: 18/18 MP: 4/4
  1651 | D:3      | Reached XP level 4. HP: 23/23 MP: 5/5
  1988 | D:3      | Reached skill level 5 in Ranged Weapons
  1995 | D:3      | Found a glowing drain.
  2008 | Sewer    | Entered a sewer
  2035 | Sewer    | Reached XP level 5. HP: 25/26 MP: 6/6
  2332 | Sewer    | HP: 1/27 [ball python (1)]
  2333 | Sewer    | Gained mutation: You are clumsy. (Dex -2) [potion of
                  | mutation]
  2333 | Sewer    | Slain by an adder

Illustrated notes

Levels and vault maps discovered:
D:1:      pf_arrival_petrified_forest, layout_loops_ring,
          hellmonk_ecumenical_altar_dog_temple,
          wander_ebering_terrifying_dragon_lair
D:2:      layout_basic
D:3:      layout_loops_corners, gup_sewer_entry_bubbles, grunt_decor_arrowhead,
          uniq_grinder
Sewer:    sewer_minmay_w

Skill      XL: |  1  2  3  4  5 |
---------------+----------------+-----
Stealth        | 2 3 4 |  4.1
Dodging        | 3 4 |  4.3
Fighting       | 2 |  2.4
Ranged Weapons | 5 |  5.3

Action                   |  1- 3 |  4- 6 || total
-------------------------+-------+-------++-------
 Fire: Shortbow          |   119 |   123 ||   242
  Use: Potion            |       |     2 ||     2
Armor: Robe              |     6 |     3 ||     9
Dodge: Dodged            |    51 |   103 ||   154

Table legend: (Time is in decaauts)
 A = Elapsed time spent in this place.
 B = Non-inter-level travel time spent in this place.
 C = Inter-level travel time spent in this place.
 D = Time resting spent in this place.
 E = Time spent auto-exploring this place.
 F = Levels seen in this place.
 G = Mean time per level.
                   A        B        C        D        E       F      G
               +--------+--------+--------+--------+--------+-----+--------+
         Total |   1677 |   1624 |     53 |      0 |   1174 |   4 |  419.2 |
       Dungeon |   1346 |   1293 |     53 |      0 |   1004 |   3 |  448.7 |
         Sewer |    331 |    331 |      0 |      0 |    169 |   1 |  331.0 |
               +--------+--------+--------+--------+--------+-----+--------+

Top non-repeatable levels by time:
     D:2: 531 daAuts
     D:1: 484 daAuts
   Sewer: 331 daAuts
     D:3: 331 daAuts
